Construct Section Command Post
Construct Platoon Command Post
Selects Heavy Armor Battlegroup
Selects Engineer Detachments
Unlock M3 Stuart Light Tanks
Selects Light Vehicle Withdraw and Refit
Light Vehicle Withdraw and Refit
Light Vehicle Withdraw and Refit
Construct Field Infirmary
6-pounder Anti-tank Gun Team
Construct Company Command Post
Selects Crusader AA Medium Tank
Selects UNKNOWN (2162094)
Selects Forward Repair Assembly